SL
NEW AMSTERDAM DUTCHMEN @ WIZARDING EXPRESS
05/07/2032
 
TOP OF THE 1ST
New Amsterdam Dutchmen batting - Pitching for Wizarding Express : RHP Juan Contreras
Pitching: RHP Juan Contreras
Batting: LHB Takayuki Yoshikawa 0-0: Called Strike
0-1: Ball
1-1: Foul Ball, location: 2F
1-2: Ball
2-2: Ball
3-2: Base on Balls
Batting: LHB SaQwan Hackett 0-0: Called Strike
0-1: Ball
1-1: Ball
2-1: Ball
3-1: Base on Balls
Takayuki Yoshikawa to second
Batting: RHB António Martínez 0-0: Ball
1-0: Foul Ball, location: 2F
1-1: Swinging Strike
1-2: SINGLE (Groundball, 56) (infield hit)
Takayuki Yoshikawa to third
SaQwan Hackett to second
Batting: RHB Jon Osterman 0-0: SINGLE (Groundball, 6MD)
Takayuki Yoshikawa scores
SaQwan Hackett to third
António Martínez to second
Runner from 3rd tries for Home, SAFE, no throw
Batting: LHB Rafael Sánchez 0-0: Fly out, F8 (Flyball, 8LS)
Batting: LHB Félix López 0-0: Ball
1-0: Called Strike
1-1: Fly out, F8 (Flyball, 8RM)
Batting: RHB Hank Wilder 0-0: Ball
1-0: Called Strike
1-1: Ball
2-1: Ball
3-1: SINGLE (Line Drive, 6MD)
António Martínez to third
Jon Osterman to second
Batting: LHB Sal Bradshaw 0-0: Called Strike
0-1: Called Strike
0-2: Strikes out looking
Top of the 1st over - 2 runs, 3 hits, 0 errors, 3 left on base; New Amsterdam 2 - Wizarding 0
BOTTOM OF THE 1ST
Wizarding Express batting - Pitching for New Amsterdam Dutchmen : RHP Kyle Boddy
Pitching: RHP Kyle Boddy
Batting: RHB Ralph Cranford 0-0: Called Strike
0-1: Foul Ball, location: 2F
0-2: Strikes out swinging
Batting: LHB Cris Gonzáles 0-0: Ball
1-0: Ball
2-0: Fly out, F9 (Flyball, 9D)
Batting: LHB Nathan Tanner 0-0: Foul Ball, location: 2F
0-1: Foul Ball, location: 2F
0-2: Ball
1-2: Ball
2-2: Foul Ball, location: 2F
2-2: Foul Ball, location: 2F
2-2: Reached on error, E3 (Groundball, 3)
Batting: LHB José Corona 0-0: Ball
Nathan Tanner is caught stealing 2nd base
Bottom of the 1st over - 0 runs, 0 hits, 1 error, 0 left on base; New Amsterdam 2 - Wizarding 0
TOP OF THE 2ND
New Amsterdam Dutchmen batting - Pitching for Wizarding Express : RHP Juan Contreras
Batting: RHB Ricardo Pulido 0-0: Ball
1-0: Fly out, F9 (Flyball, 89M)
Batting: LHB Takayuki Yoshikawa 0-0: Ball
1-0: Called Strike
1-1: Swinging Strike
1-2: Strikes out swinging
Batting: LHB SaQwan Hackett 0-0: Foul Ball, location: 2F
0-1: Ball
1-1: Ground out 6-3 (Groundball, 6)
Top of the 2nd over - 0 runs, 0 hits, 0 errors, 0 left on base; New Amsterdam 2 - Wizarding 0
BOTTOM OF THE 2ND
Wizarding Express batting - Pitching for New Amsterdam Dutchmen : RHP Kyle Boddy
Batting: LHB José Corona 0-0: Ball
1-0: Ball
2-0: SINGLE (Groundball, 4M) (infield hit)
Batting: SHB Salvador Trevino 0-0: Ball
1-0: Called Strike
1-1: Ball
2-1: Ball
3-1: Foul Ball, location: 2F
3-2: Ground out 6-3 (Groundball, 6)
José Corona to second
Batting: LHB António Boccanegra 0-0: Ball
1-0: Ball
2-0: Ball
3-0: Base on Balls
Batting: RHB Frank Grimes 0-0: Called Strike
0-1: Foul Ball, location: 2F
0-2: Ball
1-2: Foul Ball, location: 2F
1-2: SINGLE (Line Drive, 56D)
José Corona to third
António Boccanegra to second
Runner from 3rd tries for Home, SAFE, no throw
Batting: SHB Fernando Sánchez 0-0: Ball
1-0: Called Strike
1-1: Foul Ball, location: 2F
1-2: Strikes out looking
Batting: RHB Gustavo Mateo 0-0: Fielders Choice at 2nd, 6-4 (Groundball, 6)
Bottom of the 2nd over - 1 run, 2 hits, 0 errors, 2 left on base; New Amsterdam 2 - Wizarding 1
TOP OF THE 3RD
New Amsterdam Dutchmen batting - Pitching for Wizarding Express : RHP Juan Contreras
Batting: RHB António Martínez 0-0: Ball
1-0: Swinging Strike
1-1: Foul Ball, location: 2F
1-2: Ball
2-2: Foul Ball, location: 2F
2-2: Strikes out swinging
Batting: RHB Jon Osterman 0-0: Ball
1-0: Foul Ball, location: 2F
1-1: Foul Ball, location: 2F
1-2: Ball
2-2: Ball
3-2: Strikes out swinging
Batting: LHB Rafael Sánchez 0-0: Ball
1-0: Ball
2-0: SOLO HOME RUN (Flyball, 9D), Distance : 339 ft
Batting: LHB Félix López 0-0: DOUBLE (Flyball, 8LXD) - OUT at third base trying to stretch hit.
Top of the 3rd over - 1 run, 2 hits, 0 errors, 0 left on base; New Amsterdam 3 - Wizarding 1
BOTTOM OF THE 3RD
Wizarding Express batting - Pitching for New Amsterdam Dutchmen : RHP Kyle Boddy
Batting: RHB Ralph Cranford 0-0: Ball
1-0: Foul Ball, location: 2F
1-1: Swinging Strike
1-2: Strikes out swinging
Batting: LHB Cris Gonzáles 0-0: Ball
1-0: Called Strike
1-1: Ground out 6-3 (Groundball, 6M)
Batting: LHB Nathan Tanner 0-0: Ball
1-0: Ball
2-0: Ball
3-0: Base on Balls
Batting: LHB José Corona 0-0: Ball
Nathan Tanner is caught stealing 2nd base
Bottom of the 3rd over - 0 runs, 0 hits, 0 errors, 0 left on base; New Amsterdam 3 - Wizarding 1
TOP OF THE 4TH
New Amsterdam Dutchmen batting - Pitching for Wizarding Express : RHP Juan Contreras
Batting: RHB Hank Wilder 0-0: Foul Ball, location: 2F
0-1: Ball
1-1: Called Strike
1-2: Ball
2-2: Strikes out swinging
Batting: LHB Sal Bradshaw 0-0: Fly out, F9 (Line Drive, 9D)
Batting: RHB Ricardo Pulido 0-0: Called Strike
0-1: Ball
1-1: Called Strike
1-2: Ball
2-2: Ball
3-2: Foul Ball, location: 2F
3-2: Foul Ball, location: 2F
3-2: Base on Balls
Batting: LHB Takayuki Yoshikawa 0-0: Called Strike
0-1: Swinging Strike
0-2: Foul Ball, location: 2F
0-2: Strikes out swinging
Top of the 4th over - 0 runs, 0 hits, 0 errors, 1 left on base; New Amsterdam 3 - Wizarding 1
BOTTOM OF THE 4TH
Wizarding Express batting - Pitching for New Amsterdam Dutchmen : RHP Kyle Boddy
Batting: LHB José Corona 0-0: Foul Ball, location: 2F
0-1: Ground out 4-3 (Groundball, 4)
Batting: SHB Salvador Trevino 0-0: Foul Ball, location: 2F
0-1: Foul Ball, location: 2F
0-2: SINGLE (Groundball, 6MD)
Batting: LHB António Boccanegra 0-0: Ball
1-0: Called Strike
1-1: Grounds into double play, 4-6-3 (Groundball, 4)
Bottom of the 4th over - 0 runs, 1 hit, 0 errors, 0 left on base; New Amsterdam 3 - Wizarding 1
TOP OF THE 5TH
New Amsterdam Dutchmen batting - Pitching for Wizarding Express : RHP Juan Contreras
Batting: LHB SaQwan Hackett 0-0: Called Strike
0-1: Ball
1-1: Foul Ball, location: 2F
1-2: Ball
2-2: Fly out, F9 (Flyball, 9S)
Batting: RHB António Martínez 0-0: SINGLE (Line Drive, 56)
Batting: RHB Jon Osterman 0-0: Ball
1-0: Ball
António Martínez steals 2nd base
2-0: Ball
3-0: Base on Balls
Batting: LHB Rafael Sánchez 0-0: Swinging Strike
0-1: Foul Ball, location: 2F
0-2: Ball
1-2: Strikes out swinging
Batting: LHB Félix López 0-0: Fly out, F9 (Flyball, 9D)
Top of the 5th over - 0 runs, 1 hit, 0 errors, 2 left on base; New Amsterdam 3 - Wizarding 1
BOTTOM OF THE 5TH
Wizarding Express batting - Pitching for New Amsterdam Dutchmen : RHP Kyle Boddy
Batting: RHB Frank Grimes 0-0: Ball
1-0: SINGLE (Line Drive, 8RS)
Batting: SHB Fernando Sánchez 0-0: Ball
1-0: DOUBLE (Flyball, 89D)
Frank Grimes to third
Runner from 3rd tries for Home, SAFE, throw made at trailing runner, SAFE at third!
Batting: RHB Gustavo Mateo 0-0: Called Strike
0-1: Foul Ball, location: 2F
0-2: Strikes out looking
Batting: RHB Ralph Cranford 0-0: Foul Ball, location: 2F
0-1: Called Strike
0-2: Strikes out swinging
Batting: LHB Cris Gonzáles 0-0: Ball
1-0: Foul Ball, location: 2F
1-1: Swinging Strike
1-2: Foul Ball, location: 2F
1-2: SINGLE (Groundball, 34D)
Fernando Sánchez scores
Batting: LHB Nathan Tanner 0-0: Ball
1-0: Called Strike
1-1: Ball
2-1: Foul Ball, location: 2F
2-2: Ball
3-2: Foul Ball, location: 2F
3-2: Base on Balls
Cris Gonzáles to second
Batting: LHB José Corona 0-0: Foul Ball, location: 2F
0-1: Swinging Strike
0-2: Foul Ball, location: 2F
0-2: Foul Ball, location: 2F
0-2: Ball
1-2: Foul Ball, location: 2F
1-2: Ball
2-2: Foul Ball, location: 2F
2-2: Strikes out swinging
Bottom of the 5th over - 2 runs, 3 hits, 0 errors, 2 left on base; New Amsterdam 3 - Wizarding 3
TOP OF THE 6TH
New Amsterdam Dutchmen batting - Pitching for Wizarding Express : RHP Juan Contreras
Batting: RHB Hank Wilder 0-0: Foul Ball, location: 2F
0-1: Swinging Strike
0-2: Ball
1-2: Strikes out looking
Batting: LHB Sal Bradshaw 0-0: Ball
1-0: Ball
2-0: Foul Ball, location: 2F
2-1: Ball
3-1: Base on Balls
Batting: RHB Ricardo Pulido 0-0: Called Strike
0-1: Called Strike
0-2: Ball
1-2: Fly out, F7 (Line Drive, 7S)
Batting: LHB Takayuki Yoshikawa 0-0: Ball
1-0: Ball
2-0: Ball
3-0: Base on Balls
Sal Bradshaw to second
Batting: LHB SaQwan Hackett 0-0: Ball
1-0: Swinging Strike
1-1: Ball
2-1: Ground out 4-3 (Groundball, 4)
Top of the 6th over - 0 runs, 0 hits, 0 errors, 2 left on base; New Amsterdam 3 - Wizarding 3
BOTTOM OF THE 6TH
Wizarding Express batting - Pitching for New Amsterdam Dutchmen : RHP Kyle Boddy
Batting: SHB Salvador Trevino 0-0: Called Strike
0-1: Ball
1-1: Swinging Strike
1-2: Foul Ball, location: 2F
1-2: Fly out, F8 (Flyball, 8LS)
Batting: LHB António Boccanegra 0-0: Ball
1-0: Foul Ball, location: 2F
1-1: Ball
2-1: Foul Ball, location: 2F
2-2: Ground out 4-3 (Groundball, 34)
Batting: RHB Frank Grimes 0-0: Ball
1-0: Ball
2-0: Foul Ball, location: 2F
2-1: Called Strike
2-2: Foul Ball, location: 2F
2-2: Ball
3-2: DOUBLE (Line Drive, 9LD)
Batting: SHB Fernando Sánchez 0-0: Ground out 6-3 (Groundball, 4M)
Bottom of the 6th over - 0 runs, 1 hit, 0 errors, 1 left on base; New Amsterdam 3 - Wizarding 3
TOP OF THE 7TH
New Amsterdam Dutchmen batting - Pitching for Wizarding Express : RHP Juan Contreras
Batting: RHB António Martínez 0-0: Foul Ball, location: 2F
0-1: Swinging Strike
0-2: Foul Ball, location: 2F
0-2: Ball
1-2: Strikes out swinging
Pitching: LHP Eijiro Takahashi
Batting: RHB Jon Osterman 0-0: Fly out, F7 (Line Drive, 7S)
Batting: LHB Rafael Sánchez 0-0: Ball
1-0: Swinging Strike
1-1: SINGLE (Groundball, 34D)
Batting: LHB Félix López 0-0: Ball
1-0: Ball
2-0: Foul Ball, location: 2F
2-1: Swinging Strike
2-2: Strikes out swinging
Top of the 7th over - 0 runs, 1 hit, 0 errors, 1 left on base; New Amsterdam 3 - Wizarding 3
BOTTOM OF THE 7TH
Wizarding Express batting - Pitching for New Amsterdam Dutchmen : RHP Kyle Boddy
Batting: RHB Gustavo Mateo 0-0: Called Strike
0-1: Ball
1-1: Foul Ball, location: 2F
1-2: Ball
2-2: Strikes out looking
Batting: RHB Ralph Cranford 0-0: Ball
1-0: Foul Ball, location: 2F
1-1: Ground out 6-3 (Groundball, 6)
Batting: LHB Cris Gonzáles 0-0: Ball
1-0: Ball
2-0: Called Strike
2-1: Foul Ball, location: 2F
2-2: Foul Ball, location: 2F
2-2: Foul Ball, location: 2F
2-2: Foul Ball, location: 2F
2-2: Strikes out swinging
Bottom of the 7th over - 0 runs, 0 hits, 0 errors, 0 left on base; New Amsterdam 3 - Wizarding 3
TOP OF THE 8TH
New Amsterdam Dutchmen batting - Pitching for Wizarding Express : LHP Eijiro Takahashi
Batting: RHB Hank Wilder 0-0: Ball
1-0: Ball
2-0: Fly out, F5 (Line Drive, 5L)
Pinch Hitting: RHB Dan Chrzan 0-0: Called Strike
0-1: Ball
1-1: Ground out 4-3 (Groundball, 4)
Batting: RHB Ricardo Pulido 0-0: Swinging Strike
0-1: Ball
1-1: Foul Ball, location: 2F
1-2: Strikes out looking
Top of the 8th over - 0 runs, 0 hits, 0 errors, 0 left on base; New Amsterdam 3 - Wizarding 3
BOTTOM OF THE 8TH
Wizarding Express batting - Pitching for New Amsterdam Dutchmen : RHP Kyle Boddy
Now at SS: Carlos Campos
Batting: LHB Nathan Tanner 0-0: Called Strike
0-1: Ball
1-1: Ball
2-1: Fly out, F2 (Popup, 25F)
Batting: LHB José Corona 0-0: Called Strike
0-1: SINGLE (Line Drive, 56)
Pitching: LHP Andrés Quezada
Batting: SHB Salvador Trevino 0-0: Ball
1-0: Ball
2-0: Ball
3-0: Base on Balls
José Corona to second
Batting: LHB António Boccanegra 0-0: Ball
Wild Pitch!
José Corona to third
Salvador Trevino to second
1-0: SINGLE (Groundball, 4D)
José Corona scores
Salvador Trevino to third
Runner from 3rd tries for Home, throw and OUT!
António Boccanegra to second
Batting: RHB Frank Grimes 0-0: Foul Ball, location: 2F
0-1: Ball
1-1: Called Strike
1-2: Ball
2-2: Reached on error, E4 (Popup, 34S)
António Boccanegra to third
Pinch Hitting: RHB Paul Penrice 0-0: Ball
1-0: Ground out 5-3 (Groundball, 56S)
Bottom of the 8th over - 1 run, 2 hits, 1 error, 2 left on base; New Amsterdam 3 - Wizarding 4
TOP OF THE 9TH
New Amsterdam Dutchmen batting - Pitching for Wizarding Express : LHP Eijiro Takahashi
Pitching: LHP Dorian Daly
Now at 1B: Paul Penrice
Pinch Hitting: RHB Alan Elder 0-0: Called Strike
0-1: Ball
1-1: Swinging Strike
1-2: Strikes out swinging
Batting: LHB SaQwan Hackett 0-0: Called Strike
0-1: Ball
1-1: Ball
2-1: Foul Ball, location: 2F
2-2: Strikes out swinging
Batting: RHB António Martínez 0-0: Swinging Strike
0-1: Called Strike
0-2: Strikes out swinging
Top of the 9th over - 0 runs, 0 hits, 0 errors, 0 left on base; New Amsterdam 3 - Wizarding 4
Wednesday, September 19th, 2018 - OOTP Baseball 18.8 Build 76